[Event "*** Titled Tuesday Blitz"]
[Site "Chess.com"]
[Date "2020.03.03"]
[Round "1"]
[White "wonderfultime"]
[Black "Dixit_Nikhil"]
[Result "1-0"]
[WhiteElo "3038"]
[BlackElo "2546"]
[TimeControl "180+1"]
[EndTime "9:06:55 PST"]
[Termination "wonderfultime won by resignation"]

1. d4 g6 2. Nf3 Bg7 3. g3 Nf6 4. Bg2 O-O 5. c4 d6 6. O-O Nbd7 7. Nc3 e5 8. h3 Re8 9. e4 exd4 10. Nxd4 Ne5 11.
b3 Bd7 12. Re1 a6 13. Be3 Rb8 14. Rc1 b5 15. f4 Nc6 16. Nxc6 Bxc6 17. e5 Bxg2 18.
exf6 Qxf6 19. Kxg2 bxc4 20. Nd5 Qd8 21. Rxc4 c5 22.
Bf2 Qd7 23. Rce4 f5 24. Re7 Qc6 25. Qf3 Kh8 26. Nc7 Qxf3+ 27. Kxf3 Rxe7 28. Rxe7 Bf6 29.
Re8+ Rxe8 30. Nxe8 Be7 31. Nc7 Kg8 32. Nxa6 Kf7 33. b4 cxb4 34. Nxb4 Ke6 35. Nc6 Bf6 36. a4 Bc3 37. a5 Kd5 38. Ne7+ Ke6 39. a6 1-0

[Event "*** Titled Tuesday Blitz"]
[Site "Chess.com"]
[Date "2020.03.03"]
[Round "1"]
[White "bugbug01052018"]
[Black "Lagravesamuell"]
[Result "1/2-1/2"]
[WhiteElo "2262"]
[BlackElo "2642"]
[TimeControl "180+1"]
[EndTime "9:06:57 PST"]
[Termination "Game drawn by repetition"]

1. d4 Nf6 2. c4 e6 3. Nf3 c5 4. g3 cxd4 5. Nxd4 Nc6 6. Bg2 Qb6 7. Nb3 Ne5 8. Qc2 Qc7 9. N1d2 d5 10. O-O Nxc4 11. Nxc4 dxc4 12. Nd2 c3 13. bxc3 Be7 14.
Bb2 O-O 15. c4 Bd7 16. Rac1 Bc6 17. e4 Rfd8 18. Rfd1 Qa5 19. Bc3 Qa6 20. Ba1 Nd7 21. Nb3 Ba3 22. Bb2 Bf8 23. Ba1 Rac8 24. Nd4 Ba4 25.
Nb3 Nb6 26. Bf1 Rxd1 27. Qxd1 Nxc4 28. Qd4 Bb5 29. Bxc4 Rxc4 30. Rxc4 Bxc4 31. Nc5 Qxa2 32. Nd7 Qb1+ 33. Kg2 Bf1+ 34. Kf3 f6 35. Nxf8 Qb3+ 36.
Kg4 Kxf8 37. Qd8+ Kf7 38. Qd7+ Kf8 39. Qd8+ Kf7 40. Qd7+ Kf8 41. Qd8+ 1/2-1/2

[Event "*** Titled Tuesday Blitz"]
[Site "Chess.com"]
[Date "2020.03.03"]
[Round "1"]
[White "Ginzburg_Yakov"]
[Black "Shant_Sargsyan"]
[Result "0-1"]
[WhiteElo "2540"]
[BlackElo "3026"]
[TimeControl "180+1"]
[EndTime "9:06:58 PST"]
[Termination "Shant_Sargsyan won by resignation"]

1. e4 c6 2. d4 d5 3. Nc3 dxe4 4. Nxe4 Nd7 5. Bd3 Ngf6 6. Ng5 e6 7. N1f3 Bd6 8. Qe2 h6 9. Ne4 Nxe4 10. Qxe4 Qc7 11.
Bd2 b6 12. O-O-O Nf6 13. Qe2 Bb7 14. Ne5 O-O-O 15. Rhe1 Rhe8 16. g3 Nd5 17. a3 Bxe5 18. Qxe5 Qxe5 19. dxe5 c5 20. Bb5 Re7 21. f4 Nc7 22.
Be2 Ba6 23. Bf3 Bb7 24. Be2 Bc6 25. b4 cxb4 26. axb4 Kb7 27. c4 Ba4 28. Bf3+ Kc8 29. Be3 Bxd1 30. Bxd1 Na6 31. Bd2 Red7 32. Bc3 Rd3 33. Kc2 Nc7 34. Bg4 g6 35. Bh3 b5 36.
Bg2 bxc4 37. Be4 Nb5 38. Bxd3 Rxd3 39. Bd2 Nd4+ 40. Kc1 Nb3+ 0-1

[Event "*** Titled Tuesday Blitz"]
[Site "Chess.com"]
[Date "2020.03.03"]
[Round "1"]
[White "Eloist"]
[Black "vladimirdamjanovic"]
[Result "0-1"]
[WhiteElo "2245"]
[BlackElo "2633"]
[TimeControl "180+1"]
[EndTime "9:06:59 PST"]
[Termination "vladimirdamjanovic won by resignation"]

1. e4 c5 2. Nf3 d6 3. Bb5+ Bd7 4.
Bxd7+ Qxd7 5. c4 Nc6 6. d4 cxd4 7. Nxd4 Nf6 8. Nc3 g6 9. f3 Nxd4 10. Qxd4 Bg7 11. O-O O-O 12. Be3 Ng4 13. Qd2 Nxe3 14. Qxe3 Rfc8 15. b3 Bxc3 16. Qxc3 b5 17. Rac1 bxc4 18.
bxc4 Rab8 19. Rfd1 Qa4 20. Rb1 Qxa2 21. Rxb8 Rxb8 22.
Ra1 Rb1+ 23. Rxb1 Qxb1+ 24. Kf2 Qb6+ 25. Kg3 a5 26. e5 Qb4 27. Qa1 dxe5 28. Qc1 Qc5 29.
h4 a4 30. h5 a3 31. h6 Qd4 32. Qb1 Qf4+ 33. Kf2 Qxh6 34. Qb8+ Kg7 35. c5 Qd2+ 36. Kg3 Qf4+ 37. Kh3 Qf5+ 38. Kh2 a2 39. c6 a1=Q 40. c7 Qf4+ 0-1

[Event "*** Titled Tuesday Blitz"]
[Site "Chess.com"]
[Date "2020.03.03"]
[Round "1"]
[White "ural58"]
[Black "vinniethepooh"]
[Result "1-0"]
[WhiteElo "2415"]
[BlackElo "2726"]
[TimeControl "180+1"]
[EndTime "9:07:03 PST"]
[Termination "ural58 won on time"]

1. e4 c5 2. b3 Nc6 3. Bb2 d6 4. f4 Nf6 5. Qf3 e5 6. Bb5 Bd7 7. Ne2 a6 8. Bxc6 Bxc6 9. d3 Qc7 10. c4 Be7 11. Nbc3 Nd7 12. O-O Bf6 13. Ng3 O-O-O 14.
Nh5 Rhg8 15. Nd5 Bxd5 16. exd5 e4 17. Qf2 Bxb2 18. Qxb2 g6 19. Ng3 exd3 20. Rad1 f5 21. Rxd3 Rde8 22. Kf2 h5 23. Re1 h4 24. Nf1 Rxe1 25.
Kxe1 Qd8 26. Re3 Re8 27. Qg7 Rxe3+ 28. Nxe3 Qf6 29. Qxf6 Nxf6 30. h3 Nh5 31. Kf2 Nxf4 32. Kf3 Nd3 33. Nd1 1-0

[Event "*** Titled Tuesday Blitz"]
[Site "Chess.com"]
[Date "2020.03.03"]
[Round "1"]
[White "platy3"]
[Black "SlavenPastar"]
[Result "1-0"]
[WhiteElo "2878"]
[BlackElo "2501"]
[TimeControl "180+1"]
[EndTime "9:07:06 PST"]
[Termination "platy3 won on time"]

1. e4 b6 2. d4 Bb7 3. Bd3 e6 4.
Qe2 c5 5. dxc5 Bxc5 6. Nf3 Nf6 7. O-O d6 8. a3 a5 9. b3 O-O 10. Bb2 Ba6 11. Nbd2 Bxd3 12. cxd3 d5 13. e5 Nfd7 14. d4 Be7 15. Rfc1 Na6 16. Ne1 Rc8 17. Qxa6 Rxc1 18.
Rxc1 Qb8 19. Qb5 Rd8 20. Nd3 f6 21. Qc6 Kf7 22. exf6 gxf6 23. g3 Bd6 24. Nf3 Nf8 25.
Qb5 Ng6 26. Rc6 Bc7 27. a4 Ne7 28. Rc1 Rg8 29. Ba3 Bxg3 30. hxg3 Rxg3+ 31. fxg3 Qxg3+ 32. Kf1 Qxf3+ 33. Nf2 Nf5 34. Qd7+ Kg6 35. Qe8+ Kh6 36. Qxe6 Ne3+ 37. Ke1 Ng2+ 38. Kd2 Qxf2+ 39. Qe2 Qxd4+ 40.
Kc2 Ne3+ 41. Kb1 Qe4+ 42. Ka2 d4 43. Bb2 d3 44. Qd2 Kg6 45. Re1 1-0

[Event "*** Titled Tuesday Blitz"]
[Site "Chess.com"]
[Date "2020.03.03"]
[Round "1"]
[White "dlp300"]
[Black "Martins-BR"]
[Result "1-0"]
[WhiteElo "2705"]
[BlackElo "2329"]
[TimeControl "180+1"]
[EndTime "9:07:06 PST"]
[Termination "dlp300 won on time"]

1. e4 c5 2. Nf3 e6 3. d4 cxd4 4. Nxd4 Nc6 5. g3 Qc7 6. Bg2 a6 7. O-O d6 8. a4 Bd7 9. Nc3 Be7 10. Nde2 Nf6 11. h3 O-O 12. g4 Rad8 13. Ng3 d5 14.
exd5 exd5 15. g5 Bc5 16. Nge2 Nh5 17. Nxd5 Qe5 18. c4 Be6 19. Nec3 Ng3 20. Bf4 Qxf4 21. Nxf4 Rxd1 22. Rfxd1 Nf5 23. b3 Nh4 24. Ncd5 Ne5 25. a5 Nef3+ 26. Bxf3 Nxf3+ 27. Kg2 Nxg5 28. b4 Ba7 29. c5 Bb8 30. Nxe6 fxe6 31. Ne3 Ne4 32. Rf1 Nd2 33. Rfd1 Ne4 34. f3 1-0

[Event "*** Titled Tuesday Blitz"]
[Site "Chess.com"]
[Date "2020.03.03"]
[Round "1"]
[White "Saitama_Hero"]
[Black "Atakishiyev04"]
[Result "0-1"]
[WhiteElo "2274"]
[BlackElo "2660"]
[TimeControl "180+1"]
[EndTime "9:07:06 PST"]
[Termination "Atakishiyev04 won by resignation"]

1. b3 Nf6 2. Bb2 g6 3. Nf3 Bg7 4. e3 O-O 5. c4 c5 6. Be2 Nc6 7. O-O d5 8. cxd5 Nxd5 9. Bxg7 Kxg7 10. Qc1 b6 11. d4 Bb7 12. dxc5 e6 13. Rd1 Qf6 14.
Nbd2 Nc3 15. Re1 Rfd8 16. cxb6 axb6 17. Bf1 Rac8 18. Kh1 Ne5 19. Nxe5 Qxe5 20. Nc4 Qf6 21. Qb2 b5 22. Na5 Be4 23. f3 Ba8 24. Rac1 h5 25.
b4 h4 26. h3 Rc7 27. Nb3 Rdc8 28. Nc5 Na4 29. Qxf6+ Kxf6 30. Nb3 Bd5 31. Rxc7 Rxc7 32. Nd4 Nc3 33. Rc1 Bxa2 34. Rc2 Nd5 35. Rxc7 Nxc7 36. e4 Bc4 37. Bxc4 bxc4 38. Kg1 Ke5 39. Ne2 Nb5 40.
Kf2 Na3 41. Ke3 Nc2+ 42. Kd2 Nxb4 43. Kc3 Nd3 44. Kxc4 Ne1 45. g4 Nxf3 0-1

[Event "*** Titled Tuesday Blitz"]
[Site "Chess.com"]
[Date "2020.03.03"]
[Round "1"]
[White "ChristianAlm"]
[Black "afgano29"]
[Result "0-1"]
[WhiteElo "2347"]
[BlackElo "2713"]
[TimeControl "180+1"]
[EndTime "9:07:11 PST"]
[Termination "afgano29 won by resignation"]

1. d4 Nf6 2. Bg5 e6 3. e4 h6 4.
Bxf6 Qxf6 5. c3 d5 6. Nd2 c5 7.
Ngf3 cxd4 8. Nxd4 Bc5 9. Bb5+ Bd7 10. Qa4 Bxd4 11. cxd4 Nc6 12. e5 Qf4 13. Nf3 Qe4+ 14. Kf1 O-O 15. Re1 Qf5 16. Qd1 Nxe5 17. Nxe5 Bxb5+ 18. Kg1 Rac8 19. a4 Ba6 20. b4 Bc4 21. h4 f6 22. g4 Qh7 23. Nd7 Rfd8 24. Nc5 e5 25.
dxe5 fxe5 26. Rxe5 d4 27. Rh3 b6 28. Ne6 Bxe6 29.
Rxe6 d3 30. Kg2 d2 31. Rhe3 Qc2 32. Qe2 d1=Q 33. Re8+ Rxe8 34. Rxe8+ Rxe8 35. Qxe8+ Kh7 0-1

[Event "*** Titled Tuesday Blitz"]
[Site "Chess.com"]
[Date "2020.03.03"]
[Round "1"]
[White "KNVB"]
[Black "Chessalary"]
[Result "0-1"]
[WhiteElo "2590"]
[BlackElo "2220"]
[TimeControl "180+1"]
[EndTime "9:07:11 PST"]
[Termination "Chessalary won on time"]

1. d4 d5 2. Bf4 Nf6 3. e3 c5 4. Nf3 Nc6 5. c3 e6 6. Nbd2 Qb6 7. Qb3 c4 8. Qc2 Be7 9. b3 cxb3 10.
axb3 O-O 11. h3 Bd7 12. Bd3 Rac8 13. Qb2 Na5 14. Rb1 Bb5 15. Bxb5 Qxb5 16. Ne5 Ne4 17. Nxe4 dxe4 18. c4 Qb4+ 19. Ke2 f6 20. Ng4 h5 21.
Nh2 g5 22. Qc2 gxf4 23. Qxe4 Nxb3 24. Qxe6+ Kg7 25. c5 Qb5+ 26. Kf3 Nd2+ 27. Kxf4 Nxb1 28. g4 Rce8 29. Qf5 Bd8 0-1

[Event "*** Titled Tuesday Blitz"]
[Site "Chess.com"]
[Date "2020.03.03"]
[Round "1"]
[White "GadimbayliA"]
[Black "Rubinstein_Akiba"]
[Result "1-0"]
[WhiteElo "2917"]
[BlackElo "2494"]
[TimeControl "180+1"]
[EndTime "9:07:12 PST"]
[Termination "GadimbayliA won by checkmate"]

1. e4 c5 2. Nf3 d6 3. Bb5+ Bd7 4. c4 Nf6 5. Nc3 e6 6. O-O Be7 7. d4 cxd4 8. Bxd7+ Nbxd7 9. Qxd4 a6 10. b3 O-O 11.
Bb2 Rc8 12. Rad1 Qa5 13. a3 Qc5 14. Qd3 Rfd8 15. Qe2 Nb6 16. Na2 a5 17. Bd4 Qc7 18. Nc3 Nbd7 19. Nb5 Qb8 20. e5 dxe5 21. Nxe5 Nf8 22.
Rfe1 Bc5 23. Bc3 b6 24. Rxd8 Rxd8 25. Nc6 Qa8 26. Nxd8 Qxd8 27. b4 axb4 28. axb4 Be7 29. Rd1 Qa8 30. h3 Ne4 31. Be5 Bxb4 32. Qf3 Qa4 33.
Ra1 Qc2 34. Nd4 Qc3 35. Nc6 Qxf3 36. gxf3 Bc3 37. Ra8 Bxe5 38. Ne7+ Kh8 39. Rxf8# 1-0

[Event "*** Titled Tuesday Blitz"]
[Site "Chess.com"]
[Date "2020.03.03"]
[Round "1"]
[White "ckgchess"]
[Black "Sjakkerntobi"]
[Result "1-0"]
[WhiteElo "2658"]
[BlackElo "2262"]
[TimeControl "180+1"]
[EndTime "9:07:12 PST"]
[Termination "ckgchess won by checkmate"]

1. e4 e6 2. d4 c5 3. d5 Nf6 4. Nc3 e5 5. Nf3 d6 6. Bb5+ Nbd7 7. O-O a6 8. Bd3 Be7 9. a4 O-O 10. a5 b5 11. axb6 Nxb6 12. h3 g6 13. Be3 Re8 14. b3 Nh5 15. Qd2 f5 16. exf5 gxf5 17. Ng5 f4 18. Qe2 Nf6 19. Bd2 Bf8 20. Rfe1 Bh6 21.
Nge4 Bf5 22. Qf3 Nxe4 23. Nxe4 Nxd5 24. Qh5 Bxe4 25. Bxe4 Nf6 26. Qxh6 Nxe4 27. Rxe4 d5 28. Ree1 f3 29. Bg5 Qd7 30. Bf6 Re6 31. Qg5+ Kf8 32. Rxe5 Rae8 33. Rae1 Qf7 34. Rxe6 Rxe6 35. Rxe6 Qxe6 36.
gxf3 Qe1+ 37. Kg2 Ke8 38. Qg8+ Kd7 39. Qxd5+ Kc7 40. Qe5+ Qxe5 41. Bxe5+ Kc6 42. f4 Kd5 43. Kf3 a5 44. Kg4 c4 45. f5 Kxe5 46. Kg5 h6+ 47.
Kg6 a4 48. bxa4 Kd4 49. f6 Kc3 50. f7 Kxc2 51. f8=Q c3 52. Qxh6 Kb2 53. f4 c2 54.
f5 Kb3 55. Qc1 Kc3 56. f6 Kb3 57. f7 Kc3 58. f8=Q Kb3 59. Qfa3+ Kc4 60. Qxc2+ Kd5 61. Qac5+ Ke6 62. Q2f5# 1-0

[Event "*** Titled Tuesday Blitz"]
[Site "Chess.com"]
[Date "2020.03.03"]
[Round "1"]
[White "MiroVlasenko"]
[Black "Spring199"]
[Result "1-0"]
[WhiteElo "2631"]
[BlackElo "2245"]
[TimeControl "180+1"]
[EndTime "9:07:13 PST"]
[Termination "MiroVlasenko won by resignation"]

1. d4 Nf6 2. c4 e6 3. Nc3 Bb4 4. Qb3 c5 5. dxc5 Na6 6. a3 Bxc5 7. Nf3 O-O 8. Bg5 Be7 9. Rd1 Nc5 10. Qc2 a6 11. b4 Qc7 12. e3 h6 13. Bf4 Qb6 14.
Be2 d6 15. bxc5 Qxc5 16. a4 e5 17. Bg3 Be6 18. Nd2 Rac8 19. O-O b5 20. axb5 axb5 21.
Nde4 Nxe4 22. Nxe4 Qb6 23. Nc3 bxc4 24. Bf3 Rfd8 25.
Bd5 Qa5 26. f3 Rb8 27. e4 Rb3 28. Be1 Qc5+ 29. Bf2 Qb4 30. Be1 Qc5+ 31. Qf2 Qa3 32. Qd2 Rdb8 33. Bxe6 fxe6 34. Ne2 Rb2 35. Qc1 Qc5+ 36. Bf2 Qb5 37. Nc3 Qb3 38. Qe3 Rc2 39. Rb1 Rb2 40. Rxb2 Qxb2 41. h4 Qc2 42. Rc1 Qb2 43. Rb1 Qxb1+ 44. Nxb1 Rxb1+ 45. Kh2 Bd8 46. Qc3 d5 47. exd5 exd5 48. Qxe5 Rd1 49. Bd4 Bf6 50.
Qxd5+ Kh7 51. Qe4+ Kh8 52. Bxf6 gxf6 53. Qg6 1-0

[Event "*** Titled Tuesday Blitz"]
[Site "Chess.com"]
[Date "2020.03.03"]
[Round "1"]
[White "vladislavkovalev"]
[Black "Orest_Vovk"]
[Result "1-0"]
[WhiteElo "2880"]
[BlackElo "2505"]
[TimeControl "180+1"]
[EndTime "9:07:15 PST"]
[Termination "vladislavkovalev won by resignation"]

1. e4 Nc6 2. d4 e5 3. Nf3 Nxd4 4. Nxd4 exd4 5. Qxd4 Ne7 6. Nc3 Nc6 7. Qd3 Bb4 8.
Bd2 d6 9. O-O-O Be6 10. Nd5 Bxd2+ 11. Qxd2 O-O 12. g3 Ne7 13. Nc3 Bg4 14. Be2 Bxe2 15.
Qxe2 Qe8 16. f4 Qc6 17. h4 Qa6 18. Qxa6 bxa6 19. Rhe1 f6 20. Rd4 Rab8 21. Rc4 c5 22. Rd1 Rb4 23. Rxb4 cxb4 24. Nd5 Nxd5 25. Rxd5 Re8 26.
Rd4 a5 27. Kd2 Rd8 28. Rd5 a4 29. Ra5 b3 30. axb3 axb3 31. c4 Rd7 32. Rb5 Kf7 33.
Rxb3 Ke7 34. Ra3 Rb7 35. Kc3 Kd7 36. Ra6 Rc7 37. b4 Rb7 38. b5 Rc7 39. Kd4 Ke7 40.
h5 g6 41. h6 g5 42. Ra1 Ke6 43.
Ra6 Ke7 44. f5 Kd7 45. c5 dxc5+ 46. Kc4 Ke7 47. Re6+ Kf7 48. g4 Rc8 49. Rc6 Re8 50. Rc7+ Re7 51. Rxe7+ Kxe7 52. Kxc5 Kd7 53. Kd5 Ke7 54.
e5 fxe5 55. Kxe5 Kf7 56. Kd6 Kf6 57. Kd5 Kf7 58. Kc6 Kf6 59. Kb7 Ke5 60. Kxa7 Kf4 61. f6 Kxg4 62. f7 Kh5 63. f8=Q Kg6 64. Qg7+ 1-0

[Event "*** Titled Tuesday Blitz"]
[Site "Chess.com"]
[Date "2020.03.03"]
[Round "1"]
[White "Eraschenkov"]
[Black "davserr65"]
[Result "1-0"]
[WhiteElo "2568"]
[BlackElo "2027"]
[TimeControl "180+1"]
[EndTime "9:07:15 PST"]
[Termination "Eraschenkov won on time"]

1. e4 c5 2. Nf3 d6 3. d4 Nf6 4. Nc3 cxd4 5. Nxd4 a6 6. Be2 e5 7.
Nb3 Be7 8. Be3 O-O 9. a4 Nbd7 10.
a5 Qc7 11. O-O Nc5 12. Nxc5 dxc5 13. Bc4 Be6 14. Bxe6 fxe6 15. Qe2 Qc6 16. Ra4 Rac8 17. b3 Rfd8 18. f3 Rd4 19. Bxd4 exd4 20. Nb1 e5 21. Nd2 Nh5 22. g3 Qg6 23. Qg2 Bg5 24. Nc4 Re8 25. Raa1 Bf6 26. Kh1 Rd8 27. Rad1 Qf7 28. f4 exf4 29. gxf4 Be7 30. f5 Nf6 31. Rde1 Qh5 32.
Rg1 Bf8 33. e5 Nd5 34. Re4 1-0

[Event "*** Titled Tuesday Blitz"]
[Site "Chess.com"]
[Date "2020.03.03"]
[Round "1"]
[White "lelya96"]
[Black "Keaton87"]
[Result "0-1"]
[WhiteElo "2306"]
[BlackElo "2683"]
[TimeControl "180+1"]
[EndTime "9:07:16 PST"]
[Termination "Keaton87 won by resignation"]

1. e4 c5 2. Nf3 d6 3. d4 Nf6 4.
Nc3 cxd4 5. Nxd4 g6 6. Be2 Bg7 7. O-O O-O 8. Be3 Nc6 9. Nb3 Be6 10. f4 Rc8 11. Kh1 Na5 12. Nxa5 Qxa5 13. Bd3 Ng4 14.
Bg1 Nf6 15. f5 Bc4 16. Ne2 Bxd3 17. cxd3 Rc7 18. Qb3 Rfc8 19. Nf4 gxf5 20. Nh5 fxe4 21. Nxg7 Kxg7 22. dxe4 Qe5 23. Rf5 Qxe4 24. Qg3+ Kh8 25.
Rf4 Rg8 26. Rxe4 Rxg3 27. Rxe7 Rxe7 28. hxg3 b6 29. Bd4 Re6 30. Rf1 Kg7 31. g4 Kg6 32. Rf5 Nxg4 33. Rd5 h5 34. Bg1 f6 35. g3 Re2 36.
Rxd6 Rxb2 37. Bd4 Rxa2 38. Rd7 Kf5 39. Re7 Ra4 40. Bg1 Ne5 41. Rh7 Kg6 42. Re7 Ra1 43.
Kg2 Ra2+ 44. Kf1 Nf3 45. Be3 Ng5 46. Rd7 Kf5 47. Re7 Kg4 48. Bf2 Nh3 49. Re4+ Kf5 50. Re2 Rxe2 51. Kxe2 Nxf2 52. Kxf2 a5 53. Ke2 a4 54. Kd2 Kg4 0-1

[Event "*** Titled Tuesday Blitz"]
[Site "Chess.com"]
[Date "2020.03.03"]
[Round "1"]
[White "boasovietica"]
[Black "rasmussvane"]
[Result "0-1"]
[WhiteElo "2499"]
[BlackElo "2878"]
[TimeControl "180+1"]
[EndTime "9:07:18 PST"]
[Termination "rasmussvane won on time"]

1. Nf3 d5 2. e3 Nf6 3. c4 e6 4. Nc3 dxc4 5. Bxc4 a6 6. a4 c5 7. O-O b6 8. d4 Bb7 9. b3 Be7 10. Bb2 O-O 11. Qe2 Nbd7 12. Rfd1 Qc7 13. Rac1 Rfd8 14. Bd3 h6 15. e4 Qf4 16. Qe3 Qxe3 17. fxe3 Rac8 18. h3 Rc7 19. e5 Nd5 20. Nxd5 Bxd5 21. Bc4 Bxc4 22. Rxc4 Rdc8 23. Rdc1 b5 24.
axb5 axb5 25. R4c2 c4 26. bxc4 bxc4 27. Nd2 Nb6 28. Bc3 Nd5 29. Ba5 Ra7 30. Rxc4 Rf8 31. Nb3 Bg5 32. Bd2 Ra3 33. Nc5 Nxe3 34. R4c3 Rxc3 35.
Rxc3 Nd5 36. Rd3 Bxd2 37. Rxd2 Ra8 38. Ne4 Ra1+ 39. Kh2 Ne3 40. Re2 Nf1+ 0-1

[Event "*** Titled Tuesday Blitz"]
[Site "Chess.com"]
[Date "2020.03.03"]
[Round "1"]
[White "guillembaches"]
[Black "DrMelekess"]
[Result "1/2-1/2"]
[WhiteElo "2409"]
[BlackElo "2744"]
[TimeControl "180+1"]
[EndTime "9:07:19 PST"]
[Termination "Game drawn by repetition"]

1. e4 d6 2. d4 Nf6 3. f3 Nbd7 4.
Be3 e5 5. Ne2 Be7 6. c4 c6 7. Nbc3 O-O 8. Qd2 Qc7 9. O-O-O b5 10. cxb5 cxb5 11. Kb1 b4 12. Nd5 Nxd5 13. exd5 Qa5 14.
dxe5 Nxe5 15. Nd4 Bd7 16. Nb3 Qa4 17. f4 Ng4 18. Bd4 Bf6 19. h3 Bxd4 20. hxg4 Bb6 21.
Bd3 f5 22. gxf5 Bxf5 23. Bxf5 Rxf5 24. g4 Rf7 25. f5 Qd7 26. Rxh7 Kxh7 27. Rh1+ Kg8 28.
Qh2 Rff8 29. Qh8+ Kf7 30. Qh5+ Ke7 31. Qg5+ Kf7 32. Qh5+ Ke7 33. Qg5+ Kf7 34. Qh5+ 1/2-1/2

[Event "*** Titled Tuesday Blitz"]
[Site "Chess.com"]
[Date "2020.03.03"]
[Round "1"]
[White "maestroza"]
[Black "Sanan_Sjugirov"]
[Result "0-1"]
[WhiteElo "2465"]
[BlackElo "2831"]
[TimeControl "180+1"]
[EndTime "9:07:23 PST"]
[Termination "Sanan_Sjugirov won on time"]

1. d4 Nf6 2. Nf3 d5 3. e3 c5 4. dxc5 e6 5. c4 Bxc5 6. Nc3 O-O 7. Be2 Nc6 8. O-O dxc4 9. Bxc4 a6 10. Qe2 b5 11.
Bd3 Bb7 12. b3 Nb4 13. Bb1 Qc7 14. Bb2 Bd6 15. h3 Rac8 16. Rc1 Qe7 17. a3 Nc6 18. Ne4 Nxe4 19. Bxe4 f5 20. Bd3 e5 21. e4 Rce8 22. Rc2 Na5 23. Nd2 g6 24. Rac1 Qd7 25.
b4 Nc6 26. Nb3 Ba8 27. Nc5 Qa7 28. Rd2 Nd4 29. Qd1 Bxc5 30. bxc5 fxe4 31. Bb1 Nf5 32. Rd7 Qb8 33. Ba2+ Kh8 0-1

[Event "*** Titled Tuesday Blitz"]
[Site "Chess.com"]
[Date "2020.03.03"]
[Round "1"]
[White "Dave_ChessMate"]
[Black "Art_Vandelay1980"]
[Result "1/2-1/2"]
[WhiteElo "2446"]
[BlackElo "2796"]
[TimeControl "180+1"]
[EndTime "9:07:25 PST"]
[Termination "Game drawn by repetition"]

1. e4 e5 2. Nf3 Nc6 3. d4 exd4 4. Nxd4 Nf6 5. Nc3 Bb4 6. Nxc6 bxc6 7. Bd3 d5 8. Bd2 O-O 9. O-O Bxc3 10. Bxc3 dxe4 11. Bxf6 Qxf6 12. Bxe4 Qxb2 13. Bxc6 Rb8 14. Rb1 Qxb1 15. Qxb1 Rxb1 16. Rxb1 Rd8 17. Bf3 Kf8 18. Rb8 Ke7 19. Ra8 a6 20. Ra7 Kd6 21. Kf1 Re8 22. Ra8 Kc5 23. Bg4 Bd7 24. Rxe8 Bxe8 25. Ke2 Kb4 26. Kd2 Ka3 27. Be2 Bb5 28. c4 Bc6 29. c5 Bb5 30.
Bh5 Bc4 31. Kc3 Bxa2 32. Be2 a5 33. g3 Bd5 34. f4 Ka2 35. Bd3 a4 36. Kb4 a3 37.
Kc3 Ka1 38. h4 h5 39. Bc2 a2 40. Bd3 g6 41. f5 gxf5 42. Bxf5 Be6 43. Be4 Bg4 44.
Bd3 Bf3 45. Bf5 Be2 46. Bc2 Bg4 47. Bd3 Be6 48. Be4 Bd7 49. Bd3 Bh3 50. Be4 Bf1 51. Bf5 Be2 52. Be4 Bg4 53. Bd3 1/2-1/2

[Event "*** Titled Tuesday Blitz"]
[Site "Chess.com"]
[Date "2020.03.03"]
[Round "1"]
[White "Bulldog167"]
[Black "Babas"]
[Result "1-0"]
[WhiteElo "2735"]
[BlackElo "2383"]
[TimeControl "180+1"]
[EndTime "9:07:26 PST"]
[Termination "Bulldog167 won by resignation"]

1. d4 Nf6 2. c4 e6 3. Nf3 d5 4. Nc3 Bb4 5. Bg5 O-O 6. Qb3 Nc6 7. e3 h6 8. Bxf6 Qxf6 9. a3 Bxc3+ 10. Qxc3 Re8 11. cxd5 exd5 12. Rc1 Bg4 13. Be2 Bxf3 14.
gxf3 Re7 15. f4 a6 16. Kf1 Na7 17. Rg1 c6 18. Kg2 Nc8 19. Kh1 Nd6 20. Bd3 Ne4 21. Qc2 Rae8 22. Rg2 Qe6 23. Rcg1 f5 24. Rg6 Qf7 25.
Rxh6 Re6 26. Rxe6 Rxe6 27. Bxe4 fxe4 28. Qd1 Rg6 29. Rg3 Rxg3 30. hxg3 Qf5 31. Kg2 Qg6 32. Qh1 Qf5 33. Qh3 Qf7 34. Qc8+ Kh7 35. Qg4 Kg8 36. f5 Qf6 37. Qf4 Qe7 38. Kh3 Qf7 39.
g4 Kh7 40. Kh4 Kg8 41. g5 Qe7 42. Qb8+ Kh7 43. Kg4 Qd7 44. g6+ 1-0

[Event "*** Titled Tuesday Blitz"]
[Site "Chess.com"]
[Date "2020.03.03"]
[Round "1"]
[White "adricalderon8"]
[Black "Leonid_Starozhilov"]
[Result "1-0"]
[WhiteElo "2387"]
[BlackElo "2708"]
[TimeControl "180+1"]
[EndTime "9:07:26 PST"]
[Termination "adricalderon8 won by resignation"]

1. e4 g6 2. d4 Bg7 3. Nc3 d6 4. Be3 a6 5. f3 b5 6. Qd2 Nd7 7. g4 h5 8. gxh5 Rxh5 9. Nge2 c5 10. Ng3 Rh8 11. O-O-O cxd4 12. Bxd4 Ngf6 13. Kb1 Bb7 14.
h4 Qc7 15. h5 O-O-O 16. Bxb5 axb5 17. Nxb5 Qc4 18. Qa5 Nxh5 19. b3 Bxd4 20. bxc4 Bb6 21. Qe1 Nc5 22. Nxh5 gxh5 23. Qb4 Na6 24. Qa3 Bc5 25. Qb3 h4 26. Rh3 Nb4 27. Nc3 Bc6 28.
a3 Na6 29. Nd5 Bxd5 30. cxd5 Kc7 31. Ka2 Rb8 32. Qa4 Rb6 33. Rb1 Rxb1 34. Qc6+ Kb8 35. Kxb1 Nc7 36. f4 Na8 37. Rb3+ Nb6 38. Rxb6+ Bxb6 39. Qxb6+ Kc8 40. Qc6+ Kb8 41. Qb5+ Kc7 42. Qc4+ Kb8 43.
Qb3+ Kc7 44. Qh3 Kb6 45. Kb2 Kb5 46. Kb3 Kb6 47. a4 Ka6 48. c4 Kb6 49. e5 Kc7 50. c5 dxc5 51. Kc4 Kb6 52. d6 exd6 53. exd6 Kc6 54.
Qd3 h3 55. Qd5+ Kd7 56. Qxf7+ Kxd6 57. Qf6+ 1-0

[Event "*** Titled Tuesday Blitz"]
[Site "Chess.com"]
[Date "2020.03.03"]
[Round "1"]
[White "KacperPolOK"]
[Black "Tjktiger"]
[Result "0-1"]
[WhiteElo "2424"]
[BlackElo "2782"]
[TimeControl "180+1"]
[EndTime "9:07:27 PST"]
[Termination "Tjktiger won by resignation"]

1. e4 c5 2. Nc3 Nc6 3. Bb5 Nd4 4.
Bc4 a6 5. d3 b5 6. Bb3 e6 7.
Nf3 Nc6 8. O-O Nge7 9. a4 b4 10. Ne2 Ng6 11. d4 cxd4 12. Nexd4 Bb7 13. Be3 Qc7 14.
Nxc6 Bxc6 15. Qd3 Be7 16. Rfd1 O-O 17. Nd4 Bb7 18. f3 Rfd8 19. Rd2 Rac8 20. Rad1 Ne5 21. Qe2 h6 22. Qf2 Nc4 23. Bxc4 Qxc4 24. Nb3 Bc6 25.
Na5 Qa2 26. Bb6 Re8 27. Nxc6 dxc6 28. b3 c5 29. Rd7 c4 30. a5 cxb3 31. cxb3 Qxb3 32.
h3 Qa4 33. Qd2 b3 34. Rb1 Bb4 35. Qd3 Rc3 36. Qxa6 Qxd7 37. Qe2 Qd3 38. Qxd3 Rxd3 39. a6 Ra8 40. a7 Rc3 41. Kf2 Bc5+ 42. Bxc5 Rxc5 43.
Rxb3 Rxa7 0-1

[Event "*** Titled Tuesday Blitz"]
[Site "Chess.com"]
[Date "2020.03.03"]
[Round "1"]
[White "Fandorine"]
[Black "swayamsm"]
[Result "1-0"]
[WhiteElo "2871"]
[BlackElo "2487"]
[TimeControl "180+1"]
[EndTime "9:07:29 PST"]
[Termination "Fandorine won on time"]

1. e4 e6 2. d4 d5 3. Nd2 Be7 4. Ngf3 Nf6 5. Bd3 c5 6. e5 Nfd7 7. c3 Nc6 8. O-O g5 9. Qe2 g4 10. Ne1 h5 11. Qe3 b6 12. Nc2 Bb7 13. f4 Qc7 14.
Kh1 O-O-O 15. a3 Rdg8 16. b4 c4 17. Be2 f5 18. exf6 Bxf6 19. a4 Re8 20. b5 Ne7 21.
a5 Nf5 22. Qg1 Reg8 23. Ne3 Ng3+ 24. hxg3 h4 25. Qh2 hxg3 26. Qxh8 Rxh8+ 27. Kg1 bxa5 28. Bxg4 Nf8 29. Nf3 Kb8 30. Re1 Qxf4 31. Nxd5 1-0

[Event "*** Titled Tuesday Blitz"]
[Site "Chess.com"]
[Date "2020.03.03"]
[Round "1"]
[White "GMKrikor"]
[Black "Vyacheslav_N"]
[Result "1-0"]
[WhiteElo "2848"]
[BlackElo "2466"]
[TimeControl "180+1"]
[EndTime "9:07:30 PST"]
[Termination "GMKrikor won on time"]

1. Nf3 f5 2. c4 Nf6 3. g3 g6 4. Bg2 Bg7 5. O-O O-O 6. d3 d6 7.
Nc3 e5 8. Rb1 Nc6 9. b4 h6 10.
b5 Ne7 11. a4 c6 12. Ba3 Be6 13. bxc6 bxc6 14. Rb7 Bc8 15. Rb3 Be6 16. Qb1 Ne8 17. Nd2 Rf7 18. Rb7 d5 19. cxd5 Nxd5 20. Rxf7 Bxf7 21. Rc1 Rb8 22. Qc2 e4 23. Nd1 exd3 24. Qxd3 Qd7 25. Ne3 Nef6 26. Nec4 Qe6 27. Nd6 Rc8 28.
Nxc8 Qxc8 29. Nc4 Qe6 30. Nd6 f4 31. Rxc6 fxg3 32. hxg3 Ne7 33. Rc1 Kh7 34. Nxf7 Qxf7 35. Rc7 Nfg8 36. Rxa7 Qf6 37. Ra6 Qa1+ 38. Kh2 Nf5 39.
Be4 Qe5 40. Bxf5 gxf5 41. Qd6 Qxe2 42. Qg6+ Kh8 43. Bc5 1-0